 Dungeon Crawl Stone Soup version 0.28-a0-1152-g9c71ebef14 (webtiles) character file.

Game seed: 17436808981244545592

203 mainiacjoe the Chopper (level 5, -4/69 HPs)
             Began as a Palentonga Fighter on Dec 15, 2021.
             Succumbed to a kobold brigand's poison
             ... on level 4 of the Dungeon.
             The game lasted 00:08:33 (4430 turns).

mainiacjoe the Chopper (Palentonga Fighter)         Turns: 4430, Time: 00:08:33

Health: -4/69      AC:  6    Str: 19    XL:     5   Next: 51%
Magic:  5/5        EV:  7    Int:  8    God:
Gold:   900        SH:  4    Dex: 12    Spells: 4/4 levels left

rFire   . . .      SeeInvis +   a - +0 war axe
rCold   . . .      Faith    .   c - +0 buckler
rNeg    . . .      Spirit   .   b - +0 scale mail
rPois   .          Reflect  .   (no helmet)
rElec   .          Harm     .   (no cloak)
rCorr   .          Rampage  .   (no gloves)
Will    .....                   (no barding)
Stlth   ..........              (no amulet)
HPRegen 0.21/turn               (no ring)
MPRegen 0.09/turn               (no ring)

@: berserking (expiring), lethally poisoned (-4 -> -25), slowed, studying
Fighting
A: large, rugged brown scales 3, see invisible, deformed body, roll 1, armoured
tail
a: Rolling Charge


You were on level 4 of the Dungeon.
You visited 1 branch of the dungeon, and saw 6 of its levels.
You also visited: Sewer.

You collected 900 gold pieces.

Inventory:

Hand Weapons
 a - a +0 war axe (weapon)
Missiles
 e - 75 arrows
 g - 13 sling bullets
 h - 100 stones
 s - 2 boomerangs
Armour
 b - a +0 scale mail (worn)
 c - a +0 buckler (worn)
Jewellery
 i - the ring of the Fool {Will+ rCorr Str+6 Int+4}
   (You acquired it on level 4 of the Dungeon)

   [ring of willpower]

   Str:       It affects your strength (+6).
   Int:       It affects your intelligence (+4).
   rCorr:     It protects you from acid and corrosion.
   Will:      It increases your willpower.
 t - an amulet of faith
Scrolls
 f - a scroll of teleportation {unknown}
 n - a scroll of enchant weapon {unknown}
 o - a scroll of summoning {unknown}
 p - a scroll of magic mapping {unknown}
 u - a scroll of immolation {unknown}
 w - a scroll of silence {unknown}
Potions
 d - a potion of might
 k - 2 potions of heal wounds
 m - 2 potions of lignification
 q - 4 potions of flight
 r - a potion of haste


   Skills:
 + Level 4.5 Fighting
 * Level 4.9 Axes
 - Level 2.4 Armour
 - Level 2.4 Shields


You had 4 spell levels left.
You didn't know any spells.
Your spell library contained the following spells:

 Spells                   Type           Power      Damage    Failure   Level
 Gell's Gravitas          Tloc           0%         N/A       98%         3
 Lesser Beckoning         Tloc           0%         N/A       98%         3
 Teleport Other           Tloc           0%         N/A       98%         3
 Borgnjor's Revivificati  Necr           0%         N/A       100%        8
 Necromutation            Tmut/Necr      0%         N/A       100%        8
 Death's Door             Necr           0%         N/A       100%        9


Dungeon Overview and Level Annotations

Branches:
Dungeon (6/15)              Sewer (visited)
 Temple: D:4-7

Altars:

Annotations:
D:2 1 runed translucent door, Crazy Yiuf
D:4 1 exclusion


Innate Abilities, Weirdness & Mutations

You are completely covered in rugged brown scales. (AC +3, +7% HP)
You have supernaturally acute eyesight. (SInv)
Armour fits poorly on your strangely shaped body.
You can roll at nearby foes to attack.
You have a long armoured tail.


Message History

You are too injured to fight recklessly!
You are too injured to fight recklessly!
You are too injured to fight recklessly!
You are too injured to fight recklessly!
You block the kobold's attack.
You barely miss the kobold. You hit the kobold.
You kill the kobold!
The kobold hits you but does no damage.
A kobold brigand comes into view.
It is wielding a +0 dagger of venom and quivering curare-tipped darts.
The kobold brigand shouts!
You closely miss the kobold. You tail-slap the kobold.
You kill the kobold!
The kobold brigand throws a curare-tipped dart.
The curare-tipped dart hits you.
You are poisoned.
You have difficulty breathing.
* * * LOW HITPOINT WARNING * * *
You feel yourself slow down.
The kobold brigand throws a curare-tipped dart.
The curare-tipped dart barely misses you.
It was a potion of berserk rage.
A red film seems to cover your vision as you go berserk!
You feel yourself moving faster!
You feel mighty!
You feel very sick.
You feel a strong urge to attack something.
You feel sick.
You feel sick.
The hobgoblin shouts!
The kobold brigand hits you with a +0 dagger of venom.
* * * LOW HITPOINT WARNING * * *
You are lethally poisoned!
You barely miss the kobold brigand.
* * * LOW HITPOINT WARNING * * *
You feel very sick.
The kobold brigand hits you with a +0 dagger of venom.
* * * LOW HITPOINT WARNING * * *
You are more poisoned.
You slice the kobold brigand!!
The kobold brigand is almost dead.
You die...

... ### #'# ####≈≈ #.#
≈≈≈≈≈ #.# #...# ≈≈≈≈ #.#
.K. . #≈≈ #####.# ###
..g.#####.)...#
###≈######...KK@..)...#
##≈≈≈≈≈≈≈≈###.....###..#
≈≈≈≈≈≈≈≈....#######...##
..≈≈≈≈≈#.##.........###
#..........######+###
.........#.#
......†)>#.#
......†#.#..
.......#.####


You could see a kobold brigand, a hobgoblin and a kobold.

Vanquished Creatures
  A bullfrog skeleton (D:4)
  An iguana (D:4)
  A hound skeleton (D:4)
  2 adders (D:2)
  7 worms
  2 dart slugs
  6 orcs
  9 endoplasms
  3 giant cockroaches
  3 goblins
  6 hobgoblins
  8 jackals
  4 quokkas
  2 ball pythons
  8 bats
  3 frilled lizards
  11 kobolds
  8 rats
  A spectral kobold (D:2)
86 creatures vanquished.

Notes
Turn   | Place    | Note
-------+----------+-------------------------------------------
     0 | D:1      | mainiacjoe the Palentonga Fighter began the quest for the
                  | Orb.
     0 | D:1      | Reached XP level 1. HP: 19/19 MP: 1/1
   327 | D:1      | Reached XP level 2. HP: 25/25 MP: 2/2
  1211 | D:2      | Reached XP level 3. HP: 31/31 MP: 3/3
  1312 | D:2      | Found a faded altar of an unknown god.
  2026 | D:2      | Reached XP level 4. HP: 39/39 MP: 4/4
  2057 | D:2      | Found a runed translucent door.
  2058 | D:2      | Noticed Crazy Yiuf
  2693 | D:3      | Found a glowing drain.
  2712 | Sewer    | Entered a sewer
  4266 | D:4      | Identified 3 scrolls of acquirement
  4266 | D:4      | Acquired a manual of Fighting
  4267 | D:4      | Acquired the ring of the Fool {Will+ rCorr Str+6 Int+4}
  4268 | D:4      | Acquired 746 gold pieces
  4300 | D:4      | You fall into a shaft and drop 2 floors!
  4307 | D:6      | Noticed a centaur warrior zombie
  4313 | D:5      | Entered Level 5 of the Dungeon
  4315 | D:5      | Noticed an ogre
  4367 | D:4      | Reached XP level 5. HP: 23/44 MP: 5/5
  4429 | D:4      | HP: 2/69 [kobold brigand (5)]
  4430 | D:4      | Succumbed to a kobold brigand's poison

Illustrated notes

Levels and vault maps discovered:
D:1:      onia_arrival_handbag, layout_basic, serial_rivers,
          chequers_serial_rivers_large_a, chequers_serial_rivers_marsh,
          chequers_serial_rivers_micro_a, chequers_serial_rivers_small_3,
          chequers_serial_rivers_room_a, corexii_hall_statues_i, minivault_4
D:2:      layout_loops_corners, dreamdust_ecumenical_altar_drowned_temple,
          minmay_misc_feat_hallway, uniq_crazy_yiuf_cottage
D:3:      layout_basic, cheibrodos_sewer_entry_bend
D:4:      cheibrodos_thug_alley, layout_basic,
          lemuel_mausoleum_altar_kikubaaqudgha,
          minmay_temple_entry_glassed_door, nicolae_ossuary_entry_ruins
D:5:      layout_cave_pools, mainiacjoe_overflow_large_starburst, uniq_sigmund
D:6:      layout_rooms, serial_shops, shop, uniq_eustachio

Skill      XL: |  1  2  3  4 |
---------------+-------------+-----
Axes           | 3 4 |  4.9
Fighting       | 4 |  4.5
Armour         | |  2.4
Shields        | |  2.4

Action                   |  1- 3 |  4- 6 || total
-------------------------+-------+-------++-------
Melee: War axe           |    94 |   132 ||   226
       Tailslap          |    11 |    19 ||    30
 Abil: Rolling Charge    |    30 |    19 ||    49
  Use: Scroll            |       |     8 ||     8
       Potion            |       |     3 ||     3
 Stab: Distracted        |     1 |       ||     1
Armor: Scale mail        |    30 |    55 ||    85
Dodge: Dodged            |    18 |    66 ||    84
Block: Buckler           |    12 |    29 ||    41

Table legend: (Time is in decaauts)
 A = Elapsed time spent in this place.
 B = Non-inter-level travel time spent in this place.
 C = Inter-level travel time spent in this place.
 D = Time resting spent in this place.
 E = Time spent auto-exploring this place.
 F = Levels seen in this place.
 G = Mean time per level.
                   A        B        C        D        E       F      G
               +--------+--------+--------+--------+--------+-----+--------+
         Total |   4665 |   4566 |     99 |    181 |   3432 |   7 |  666.4 |
       Dungeon |   3918 |   3819 |     99 |    181 |   2942 |   6 |  653.0 |
         Sewer |    746 |    746 |      0 |      0 |    490 |   1 |  746.0 |
               +--------+--------+--------+--------+--------+-----+--------+

Top non-repeatable levels by time:
     D:2: 1353 daAuts
     D:1: 1213 daAuts
     D:3: 1174 daAuts
   Sewer: 746 daAuts
     D:4: 149 daAuts
     D:6: 15 daAuts
     D:5: 13 daAuts
